 Dungeon Crawl Stone Soup version 0.32-a0-886-g41c5271027 (webtiles) character file.

Game seed: 12270368512615033317

12884 jiveturtle the Severer (level 11, -2/95 HPs)
             Began as a Mountain Dwarf Berserker on Apr 3, 2024.
             Was a High Priest of Trog.
             Slain by an orc warrior
             ... wielding a +0 long sword
              (4 damage)
             ... on level 11 of the Dungeon.
             The game lasted 00:23:49 (12015 turns).

jiveturtle the Severer (Mountain Dwarf Berserker)  Turns: 12015, Time: 00:23:49

Health: -2/95      AC: 23    Str: 26    XL:     11   Next: 68%
Magic:  11/11      EV:  7    Int:  8    God:    Trog [*****.]
Gold:   336        SH: 10    Dex:  9    Spells: 10/10 levels left

rFire   + . .        L - +1 war axe (heavy)
rCold   . . .        D - +0 buckler
rNeg    + . .        d - +0 plate armour
rPois   +            (no helmet)
rElec   .            r - +1 cloak {rPois}
rCorr   .            s - +0 pair of gloves
SInv    .            M - +0 pair of boots
Will    +....        w - amulet of Caoloo {Reflect Harm rF+ Str+2 SH+5} Stlth
                     K - ring of positive energy
HPRegen 0.35/turn    S - +4 ring of protection
MPRegen 0.12/turn

%: harm (+30% outgoing, +20% incoming), reflection
@: on berserk cooldown, slowed, very slow
A: runic magic, artefact enchanting
a: Renounce Religion, Berserk, Trog's Hand, Brothers in Arms


You were on level 11 of the Dungeon.
You worshipped Trog.
Trog was extremely pleased with you.
You visited 1 branch of the dungeon, and saw 11 of its levels.
You also visited: Sewer.

You collected 426 gold pieces.
You spent 90 gold pieces at shops.

Inventory:

Hand Weapons
 a - a +0 hand axe
 p - a +0 morningstar
 L - a +1 heavy war axe (weapon)
 X - a +0 whip of electrocution
Missiles
 e - 6 atropa-tipped darts (quivered)
 f - 14 poisoned darts
 C - 3 throwing nets
 I - 8 curare-tipped darts
 P - 2 datura-tipped darts
Armour
 d - a +0 plate armour (worn)
 r - a +1 cloak of poison resistance (worn)
 s - a +0 pair of gloves (worn)
 D - a +0 buckler (worn)
 M - a +0 pair of boots (worn)
 V - a +0 chain mail of cold resistance
Jewellery
 b - an amulet of the acrobat
 w - the amulet of Caoloo (around neck) {Reflect Harm rF+ Str+2 SH+5}
   (You acquired it on level 6 of the Dungeon)

   [amulet of reflection]

   Reflect:   It reflects blocked missile attacks.
   Str+2:     It affects your strength (+2).
   rF+:       It protects you from fire.
   SH+5:      It affects your SH (+5).
   Harm:      It increases damage dealt and taken.
 K - a ring of positive energy (left hand)
 R - a ring of ice
 S - a +4 ring of protection (right hand)
Wands
 i - a wand of digging (10)
 q - a wand of flame (41)
 H - a wand of polymorph (4)
 N - a wand of iceblast (7)
Scrolls
 g - a scroll of enchant armour {unknown}
 h - 2 scrolls of teleportation
 m - 4 scrolls of vulnerability
 n - a scroll of immolation {unknown}
 u - a scroll of brand weapon {unknown}
 y - a scroll of noise
 z - a scroll of revelation
 B - 4 scrolls of blinking
 E - 3 scrolls of fog
 F - a scroll of torment
 O - a scroll of enchant weapon
 U - a scroll of butterflies {unknown}
Potions
 c - a potion of ambrosia {unknown}
 j - 2 potions of heal wounds
 k - 4 potions of curing
 l - 2 potions of cancellation {unknown}
 o - 2 potions of brilliance {unknown}
 t - 5 potions of berserk rage
 v - 2 potions of magic {unknown}
 x - 5 potions of enlightenment {unknown}
 A - a potion of might {unknown}
 G - a potion of haste {unknown}
 J - a potion of attraction {unknown}
 Q - a potion of invisibility {unknown}
 T - a potion of resistance {unknown}
 W - 3 potions of mutation {unknown}


   Skills:
 + Level 8.6 Fighting
 * Level 16.9 Axes
 + Level 9.2 Armour
 - Level 2.0 Dodging
 + Level 6.4 Shields


You had 10 spell levels left.
You didn't know any spells.
Your spell library was empty.

Dungeon Overview and Level Annotations

Branches:
Dungeon (11/15)            Temple (0/1) D:5            Lair (0/5) D:9
  Sewer (visited)
    Orc: D:9-12

Altars:
Ashenzari
Hepliaklqana
Qazlal
Sif Muna
Uskayaw
Wu Jian
Xom
Yredelemnul
Zin
The Shining One

Shops:
D:7 !=*!   D:10 :

Annotations:
D:3 2 transporters, avangion's ghost, amateur DECj
D:10 1 runed translucent door


Innate Abilities, Weirdness & Mutations

Your spellcasting is much less encumbered by armour.
You can use scrolls of enchantment on lesser artefacts.


Message History

You are exhausted.
You feel yourself slow down.
An orc warrior comes into view. It is wielding a +0 long sword.
Found an escape hatch in the ceiling.
An orc priest comes into view. It is wielding a +3 hand axe.
The orc priest shouts!
An orc wizard comes into view. It is wielding a +0 dagger.
An orc priest comes into view. It is wielding a +0 flail.
The orc wizard shouts!
The orc priest shouts!
An orc comes into view. It is wielding a +0 hand axe.
Found a wand of flame (8).
The orc shouts!
The orc wizard casts a spell.
The orc wizard flickers and vanishes!
Deactivating autopickup; reactivate with Ctrl-A.
Found a stone staircase leading down.
The orc priest calls down the wrath of Beogh upon you.
Beogh smites you!
* * * LOW HITPOINT WARNING * * *
The orc priest hits you but does no damage. x3
The orc warrior hits you but does no damage.
The orc priest invokes the aid of Beogh against you.
Pain shoots through your body!
* * * LOW HITPOINT WARNING * * *
The orc warrior attacks as it pursues you!
The orc warrior hits you but does no damage.
There is an escape hatch in the ceiling here.
Unknown command.
You feel much better.
The orc priest mumbles some strange prayers to Beogh against you.
You resist with significant effort. Something hits you.
* * * LOW HITPOINT WARNING * * *
The orc priest barely misses you. You block the orc warrior's attack.
The orc priest mumbles some strange prayers to Beogh against you.
Beogh smites you!
* * * LOW HITPOINT WARNING * * *
Something hits you but does no damage.
The orc priest hits you but does no damage.
The orc warrior hits you with a +0 long sword.
You die...

>...... ..... .....!..
##...# ....... ....#
#... .. ###...## #... ..
#......# #..##..
#.o...### #......
##@oW....#####.....
#.{o.........†.....
....##o......>........
#.....................
..................)..#.
......................##
#...........##...#....#
#.#.##...#../##.###...##
#...#... #..#......


You could see a wraith, an orc warrior, 2 orc priests and an orc.

Vanquished Creatures
  2 two-headed ogres
  2 boulder beetles (D:11)
  2 cyclopes (D:11)
  8 centaur zombies (D:11)
  An efreet (D:10)
  A troll (D:10)
  A hornet (D:8)
  Prince Ribbit (D:5)
  A meliai zombie (D:11)
  A shadow (D:11)
  2 wraiths (D:11)
  5 yaks (D:9)
  A vampire (D:11)
  A steam dragon (D:8)
  5 water moccasins
  2 orc warriors (D:10)
  2 ice beasts
  A black bear (D:6)
  A sky beast (D:7)
  2 centaurs
  Blork the orc (D:6)
  8 bullfrogs
  3 kobold brigands
  A weeping skull (D:10)
  2 gnoll sergeants
  A scorpion (D:6)
  7 wights
  9 killer bees
  6 howler monkeys
  6 hounds
  3 bombardier beetles
  6 orc priests
  4 jellies
  A sleepcap (D:4)
  Crazy Yiuf (D:2)
  2 iguanas (D:4)
  8 orc wizards
  A human simulacrum (D:11)
  20 gnolls
  9 adders
  10 river rats
  2 white imps
  2 ufetubi (D:5)
  5 ribbon worms
  3 dart slugs
  30 orcs
  7 bats
  9 endoplasms
  A giant cockroach (D:1)
  9 goblins
  8 hobgoblins
  11 jackals
  21 kobolds
  6 quokkas
  27 ball pythons
  3 frilled lizards
  22 rats
  A spectral orc (D:10)
318 creatures vanquished.

Notes
Turn   | Place    | Note
-------+----------+-------------------------------------------
     0 | D:1      | jiveturtle the Mountain Dwarf Berserker began the quest for
                  | the Orb.
     0 | D:1      | Reached XP level 1. HP: 19/19 MP: 1/1
   154 | D:1      | Reached skill level 4 in Axes
   247 | D:1      | Reached XP level 2. HP: 23/26 MP: 2/2
   765 | D:1      | Reached XP level 3. HP: 33/33 MP: 3/3
  1199 | D:2      | Reached skill level 5 in Axes
  1859 | D:2      | Reached ** piety under Trog
  2022 | D:2      | Found a runed translucent door.
  2023 | D:2      | Noticed Crazy Yiuf
  2031 | D:2      | Killed Crazy Yiuf
  2032 | D:2      | Reached XP level 4. HP: 40/40 MP: 4/4
  2267 | D:3      | Found a transporter.
  2268 | D:3      | Noticed avangion's ghost (amateur DECj)
  2281 | D:3      | Found a shimmering altar of Xom.
  2286 | D:3      | Found a transporter.
  2298 | D:3      | Found a glowing silver altar of Zin.
  2298 | D:3      | Noticed an angel
  2483 | D:3      | Found a glowing drain.
  2562 | Sewer    | Entered a sewer
  2645 | Sewer    | Reached skill level 6 in Axes
  2645 | Sewer    | Reached XP level 5. HP: 14/46 MP: 5/5
  3217 | Sewer    | Reached skill level 7 in Axes
  3217 | Sewer    | Reached XP level 6. HP: 29/52 MP: 6/6
  3482 | D:3      | Reached *** piety under Trog
  4300 | D:4      | Reached XP level 7. HP: 60/60 MP: 7/7
  4467 | D:4      | Reached skill level 8 in Axes
  4988 | D:4      | Reached **** piety under Trog
  5230 | D:5      | Entered Level 5 of the Dungeon
  5284 | D:5      | Reached skill level 9 in Axes
  5374 | D:5      | Reached skill level 5 in Fighting
  5523 | D:5      | Found an ornate altar of the Wu Jian Council.
  5588 | D:5      | Reached skill level 1 in Shields
  5588 | D:5      | Reached XP level 8. HP: 45/68 MP: 8/8
  5666 | D:5      | Noticed Prince Ribbit
  5696 | D:5      | Killed Prince Ribbit
  5697 | D:5      | Reached skill level 10 in Axes
  5697 | D:5      | Reached skill level 5 in Armour
  6000 | D:5      | Found a staircase to the Ecumenical Temple.
  6057 | D:5      | Found a hide-covered altar of Uskayaw.
  6249 | D:6      | Noticed Blork the orc
  6276 | D:6      | Killed Blork the orc
  6547 | D:6      | Identified a scroll of acquirement
  6548 | D:6      | Acquired the amulet of Caoloo {Reflect Harm rF+ Str+2 SH+5}
  6651 | D:6      | Reached skill level 11 in Axes
  7167 | D:6      | Found a faded altar of an unknown god.
  7194 | D:6      | Found a hazy altar of Hepliaklqana.
  7194 | D:6      | Found a faded altar of an unknown god.
  7415 | D:6      | Reached XP level 9. HP: 75/75 MP: 9/9
  7634 | D:6      | Found a broken altar of Ashenzari.
  7676 | D:6      | Found a glowing golden altar of the Shining One.
  8335 | D:7      | Reached skill level 12 in Axes
  8428 | D:7      | Found a shimmering blue altar of Sif Muna.
  8485 | D:7      | Found Ifasso's Assorted Antiques.
  8541 | D:7      | Found Qanoyst's Distillery.
  8549 | D:7      | Bought a potion of heal wounds for 50 gold pieces
  8549 | D:7      | Bought a potion of curing for 30 gold pieces
  8549 | D:7      | Bought a potion of degeneration for 10 gold pieces
  8571 | D:7      | Reached ***** piety under Trog
  8890 | D:7      | Found Teigemex's Jewellery Shoppe.
  8979 | D:7      | Found Fuje's Distillery.
  9185 | D:8      | Reached skill level 13 in Axes
  9321 | D:8      | Found the +7 staff of the Meek {protect, meekguard}
  9396 | D:8      | Noticed a two-headed ogre
  9402 | D:8      | Killed a two-headed ogre
  9403 | D:8      | Reached XP level 10. HP: 84/84 MP: 10/10
  9805 | D:8      | Found a stormy altar of Qazlal.
  9842 | D:8      | Reached skill level 14 in Axes
 10080 | D:9      | Found a staircase to the Lair.
 10283 | D:9      | Identified the +7 trident "Beejehol" {spect, rC+ Int+2}
 10428 | D:9      | Identified the +4 hand axe "Asunil" {heavy, Will- Dex+5
                  | SInv}
 10843 | D:10     | Entered Level 10 of the Dungeon
 10974 | D:10     | Noticed a two-headed ogre
 10990 | D:10     | Killed a two-headed ogre
 10991 | D:10     | Reached skill level 15 in Axes
 10991 | D:10     | Reached skill level 5 in Shields
 11014 | D:10     | Found a basalt altar of Yredelemnul.
 11193 | D:10     | Found Vetaddus's Book Boutique.
 11477 | D:10     | Found a runed translucent door.
 11478 | D:10     | Noticed a boulder beetle
 11654 | D:11     | Noticed a cyclops
 11658 | D:11     | Killed a cyclops
 11659 | D:11     | Reached XP level 11. HP: 70/94 MP: 11/11
 11793 | D:11     | Reached skill level 16 in Axes
 11986 | D:11     | Noticed a boulder beetle
 11988 | D:11     | Noticed a boulder beetle
 11998 | D:11     | Killed a boulder beetle
 12002 | D:11     | Killed a boulder beetle
 12014 | D:11     | HP: 4/95 [orc priest/nerve-wracking pain (2)]
 12015 | D:11     | Slain by an orc warrior

Illustrated notes

Levels and vault maps discovered:
D:1:      lemuel_arrival_cross, layout_loops_corners,
          minmay_misc_feat_more_columns
D:2:      minmay_evil_eye, layout_loops_ring, uniq_crazy_yiuf_cottage
D:3:      layout_basic, grunt_temple_overflow_order_and_chaos_1,
          gammafunk_ghost_stat_death, portal_sewer_entry_b, kennysheep_donut
D:4:      minmay_octagon_keep, layout_loops_ring, grunt_ministairs_10
D:5:      nicolae_cairo_tiling, layout_rooms, eat_drink_and_be_merry_uskayaw,
          lemuel_crystal_altar, minmay_temple_entry_statues_fountains,
          uniq_prince_ribbit1
D:6:      mumra_celtic_spiral_tile, layout_basic,
          nicolae_hepliaklqana_ecumenical_no_more, tso_altar,
          mainiacjoe_overflow_alcove_1, uniq_blork_the_orc
D:7:      layout_cave_pods, lemuel_blue_sif_altar, serial_shops, shop,
          nicolae_shop_trees, nicolae_shop_industrial_runoff, shop
D:8:      layout_loops_ring, mainiacjoe_overflow_alcove_2
D:9:      layout_irregular_city, dpeg_lair_monsters
D:10:     layout_basic, yredelemnul_forgotten_temple_becter, serial_shops,
          nicolae_book_shop_shelving, minivault_13
D:11:     layout_cave_pools, serial_undead, serial_undead_c, serial_undead_a,
          serial_undead_e, serial_undead_c, bh_circular_ruins

Skill      XL: |  1  2  3  4  5  6  7  8  9 10 11 |
---------------+----------------------------------+-----
Axes           | 4 5 6 7 9 11 13 15 16 | 16.9
Fighting       | 4 5 6 7 8 |  8.6
Armour         | 3 4 5 7 8 9 |  9.2
Dodging        | 2 |  2.0
Shields        | 1 2 3 5 6 |  6.4

Action                     |  1- 3 |  4- 6 |  7- 9 | 10-12 || total
---------------------------+-------+-------+-------+-------++-------
  Melee: Hand axe          |   133 |   294 |   422 |       ||   849
         War axe           |       |       |   124 |   153 ||   277
 Invoke: Berserk           |     2 |     5 |     5 |     4 ||    16
         Trog's Hand       |       |       |     1 |     1 ||     2
    Use: Scroll            |       |       |    11 |     1 ||    12
         Potion            |       |       |       |     1 ||     1
 Armour: Animal skin       |    50 |       |       |       ||    50
         Chain mail        |    18 |   266 |   222 |       ||   506
         Leather armour    |    10 |       |       |       ||    10
         Plate armour      |       |       |   165 |   204 ||   369
  Dodge: Dodged            |    89 |   143 |   166 |    55 ||   453
  Block: Buckler           |       |       |   125 |    97 ||   222
         Reflection        |       |       |     7 |     2 ||     9

Table legend: (Time is in decaauts)
 A = Elapsed time spent in this place.
 B = Non-inter-level travel time spent in this place.
 C = Inter-level travel time spent in this place.
 D = Time resting spent in this place.
 E = Time spent auto-exploring this place.
 F = Levels seen in this place.
 G = Mean time per level.
                   A        B        C        D        E       F      G
               +--------+--------+--------+--------+--------+-----+--------+
         Total |  12243 |  11939 |    304 |   2296 |   7012 |  12 | 1020.2 |
       Dungeon |  11328 |  11024 |    304 |   1880 |   6913 |  11 | 1029.8 |
         Sewer |    915 |    915 |      0 |    416 |     98 |   1 |  915.0 |
               +--------+--------+--------+--------+--------+-----+--------+

Top non-repeatable levels by time:
     D:6: 1660 daAuts
     D:4: 1291 daAuts
     D:7: 1198 daAuts
     D:1: 1090 daAuts
     D:2: 1067 daAuts
     D:5: 1020 daAuts
     D:3: 1001 daAuts
     D:8: 1001 daAuts
    D:10: 935 daAuts
   Sewer: 915 daAuts
     D:9: 788 daAuts
    D:11: 273 daAuts
